 Dungeon Crawl Stone Soup version 0.21.1-1-g345015fe64 (webtiles) character file.

39 Kohma the Grave Robber (level 3, -1/29 HPs)
             Began as a Hill Orc Necromancer on July 3, 2018.
             Slain by an orc wizard
             ... wielding a +0 dagger
              (3 damage)
             ... on level 1 of the Dungeon.
             The game lasted 00:05:37 (1457 turns).

Kohma the Grave Robber (Hill Orc Necromancer)       Turns: 1457, Time: 00:05:38

Health: -1/29      AC:  3    Str: 10    XL:     3   Next: 47%
Magic:  2/5        EV: 11    Int: 16    God:
Gold:   11         SH:  0    Dex: 11    Spells: 3/5 levels left

rFire    . . .     SeeInvis .   e - -3 dagger (curse)
rCold    . . .     Gourm    .   (no shield)
rNeg     . . .     Faith    .   g - +0 leather armour
rPois    .         Spirit   .   (no helmet)
rElec    .         Reflect  .   (no cloak)
rCorr    .         Harm     .   (no gloves)
MR       .....                  (no boots)
Stlth    +.........             (no amulet)
HPRegen  0.09/turn              (no ring)
MPRegen  0.09/turn              (no ring)

@: no status effects
A: no striking features
a: no special abilities


You were on level 1 of the Dungeon.
You were not hungry.

You visited 1 branch of the dungeon, and saw 2 of its levels.

You collected 11 gold pieces.

Inventory:

Hand Weapons
 e - a cursed -3 dagger (weapon)
 i - a +0 short sword
Armour
 a - a +0 robe
 g - a +0 leather armour (worn)
Scrolls
 d - 2 scrolls of identify {unknown}
 h - a scroll of blinking {unknown}
 j - a scroll of remove curse {unknown}
Potions
 f - a potion of degeneration {unknown}
 l - a potion of agility {unknown}
 m - a potion of heal wounds {unknown}
Books
 b - a book of Necromancy

   Spells                             Type                      Level
   a - Pain                           Necromancy                   1
   b - Animate Skeleton               Necromancy                   1
   c - Vampiric Draining              Necromancy                   3
   d - Regeneration                   Charms/Necromancy            3
   e - Animate Dead                   Necromancy                   4
   f - Borgnjor's Vile Clutch         Necromancy/Earth             5
Comestibles
 c - 3 rations


   Skills:
 * Level 2.1 Fighting
 - Level 1.5 Dodging
 - Level 1.5 Stealth
 + Level 1.9 Spellcasting
 * Level 4.5 Necromancy


You had 3 spell levels left.
You knew the following spells:

 Your Spells              Type           Power        Failure   Level  Hunger
a - Pain                  Necr           ###.         4%          1    #......
b - Animate Skeleton      Necr           N/A          4%          1    #......


Dungeon Overview and Level Annotations

Branches:
Dungeon (2/15)

Altars:


Message History

You climb upwards.
There is a stone staircase leading down here.
You're too confused to cast spells.
You closely miss the orc wizard.
The orc wizard is severely wounded.
The orc wizard hits you but does no damage.
You feel less confused.
The orc wizard gestures wildly while chanting.
The orc wizard flickers and vanishes!
Deactivating autopickup; reactivate with Ctrl-A.
Something hits you.
You hear some strange, mumbled words.
Something tries to affect you, but you resist.
A magic dart appears from out of thin air!
The magic dart hits you!
* * * LOW HITPOINT WARNING * * *
You miss something. Something hits you.
* * * LOW HITPOINT WARNING * * *
You closely miss something. Something hits you.
You die...

≈≈.≈≈≈≈..##....##...##.#.......#
≈≈.≈≈≈≈.............##.#.......#
≈≈.≈≈≈≈.....#..###.............#
≈≈.≈≈≈≈........###.............#
≈P.P≈≈P.............##...###+###
..(............###....#..###.#
##.............##.)........#.##
.........#.....##.............#
.#...#.#.#......@).[..#....####
...........#...#..###.##...#
.#...#.#.....>............##
.....#.#......##..........####
....##.#.##.#.##.####.#......#
.......#.##......# #.#...##.#
##.########.#.#######.#...##.####
#.# #...# #...)....##.##.# #.#
#.### #.##.##..##.##.#


There were no monsters in sight!

Vanquished Creatures
  An adder (D:2)
  An ooze (D:1)
  A dart slug (D:1)
  4 goblins (D:1)
  2 hobgoblins (D:1)
  4 kobolds (D:1)
  3 bats (D:1)
  3 rats (D:1)
19 creatures vanquished.

Vanquished Creatures (collateral kills)
  2 goblins (D:1)
  A hobgoblin (D:1)
  3 kobolds (D:1)
  A frilled lizard (D:1)
  A rat (D:1)
8 creatures vanquished.

Grand Total: 27 creatures vanquished

Notes
Turn   | Place    | Note
-------+----------+-------------------------------------------
     0 | D:1      | Kohma the Hill Orc Necromancer began the quest for the Orb.
     0 | D:1      | Reached XP level 1. HP: 14/14 MP: 3/3
   324 | D:1      | Reached skill level 1 in Fighting
   324 | D:1      | Reached XP level 2. HP: 10/23 MP: 1/4
   327 | D:1      | Learned a level 1 spell: Animate Skeleton
   979 | D:1      | Reached XP level 3. HP: 28/29 MP: 0/5
  1457 | D:1      | Slain by an orc wizard

Skill      XL: |  1  2  3 |
---------------+----------+-----
Fighting       | 1 2 |  2.1
Dodging        | |  1.5
Stealth        | |  1.5
Spellcasting   | |  1.9
Necromancy     | |  4.5

Action                   || total
-------------------------++-------
Melee: Dagger            ||    49
       Unarmed           ||     1
 Cast: Pain              ||    38
       Animate Skeleton  ||    13
  Eat: Chunk             ||     3
Armor: Robe              ||     3
       Leather armour    ||    20
Dodge: Dodged            ||    47
